 Dungeon Crawl Stone Soup version 0.16.2-12-gd0ad4c3 (webtiles) character file.

6499 faibistes the Thaumaturge (level 10, -6/58 HPs)
             Began as a Deep Elf Wizard on June 8, 2019.
             Was a Priest of Sif Muna.
             Mangled by Erolcha
             ... wielding a +0 giant club
              (34 damage)
             ... on level 9 of the Dungeon on June 9, 2019.
             The game lasted 00:38:02 (13734 turns).

faibistes the Thaumaturge (Deep Elf Wizard)        Turns: 13734, Time: 00:38:02

Health: -6/58      AC:  6    Str:  4    XL:     10   Next: 69%
Magic:  29/32      EV: 16    Int: 27    God:    Sif Muna [***...]
Gold:   190        SH:  0    Dex: 13    Spells: 7 memorised, 18 levels left

rFire  . . .     SeeInvis +     w - +2 short sword (distort)
rCold  . . .     Clarity  .     a - +0 robe
rNeg   . . .     SustAb   .     (no shield)
rPois  +         Gourm    .     b - +0 hat
rElec  .         Spirit   .     C - +0 cloak (curse)
rCorr  .         Warding  .     (no gloves)
rMut   .         Stasis   .     v - +2 pair of boots
MR     +....                    l - amulet of rage
Stlth  ++........               N - ring of poison resistance
                                m - ring of see invisible

@: repel missiles, somewhat resistant to hostile enchantments, unstealthy
A: no striking features
a: Channel Energy, Forget Spell, Renounce Religion, Evoke Berserk Rage


You were on level 9 of the Dungeon.
You worshipped Sif Muna.
Sif Muna was most pleased with you.
You were not hungry.

You visited 2 branches of the dungeon, and saw 12 of its levels.

You collected 450 gold pieces.
You spent 260 gold pieces at shops.

Inventory:

Hand weapons
 k - a +0 dagger
 w - a +2 short sword of distortion (weapon)
 M - a +0 spear of venom
Armour
 a - a +0 robe (worn)
 b - a +0 hat (worn)
 v - a +2 pair of boots (worn)
 C - a cursed +0 cloak (worn)
Jewellery
 l - an amulet of rage (around neck)
 m - a ring of see invisible (left hand)
 L - an uncursed ring of flight
 N - a ring of poison resistance (right hand)
Magical devices
 x - a wand of teleportation (8)
 D - a wand of frost (27)
 E - a wand of cold (5)
 I - a wand of lightning (9)
Scrolls
 e - a scroll of blinking
 h - a scroll of teleportation
 p - 2 scrolls of remove curse
 q - a scroll of enchant weapon
 u - a scroll of enchant armour
 y - a scroll of magic mapping
 J - a scroll of recharging
 K - 2 scrolls of amnesia
Potions
 g - 2 potions of heal wounds
 i - 3 potions of curing
 j - 2 potions of agility
 o - 4 potions of brilliance
 r - 3 potions of restore abilities
 s - 3 potions of haste
 t - a potion of flight
 z - 2 potions of resistance
 A - a potion of degeneration {unknown}
 F - a potion of lignification {unknown}
 G - a potion of berserk rage {unknown}
 H - a potion of cure mutation {unknown}
 O - 2 potions of invisibility
Books
 c - a book of Minor Magic

   Spells                             Type                      Level
   a - Magic Dart                     Conjuration                  1
   b - Blink                          Translocation                2
   c - Call Imp                       Summoning                    2
   d - Repel Missiles                 Charms/Air                   2
   e - Slow                           Hexes                        2
   f - Conjure Flame                  Conjuration/Fire             3
   g - Mephitic Cloud                 Conjuration/Poison/Air       3
 P - a book of Transfigurations

   Spells                             Type                      Level
   a - Stoneskin                      Transmutation/Earth          2
   b - Irradiate                      Conjuration/Transmutation    5
   c - Statue Form                    Transmutation/Earth          6
   d - Hydra Form                     Transmutation                6
   e - Dragon Form                    Transmutation                7
Comestibles
 d - 7 bread rations
 f - 12 slices of pizza
 n - 3 beef jerkies
 B - 2 meat rations
 Q - a poisonous chunk of flesh


   Skills:
 + Level 4.9 Fighting
 + Level 7.6 Dodging
 - Level 2.4 Stealth
 * Level 12.0 Spellcasting
 + Level 5.9 Conjurations
 + Level 2.4 Charms
 - Level 1.1 Summonings
 + Level 3.6 Translocations
 * Level 1.9 Transmutations
 + Level 4.2 Fire Magic
 - Level 3.2 Air Magic
 * Level 2.5 Earth Magic
 - Level 2.2 Poison Magic
 * Level 2.6 Invocations
 + Level 4.9 Evocations


You had 18 spell levels left.
You knew the following spells:

 Your Spells              Type           Power        Failure   Level  Hunger
a - Magic Dart            Conj           ####         1%          1    None
b - Conjure Flame         Conj/Fire      #####...     1%          3    None
c - Call Imp              Summ           ###.....     3%          2    None
d - Blink                 Tloc           N/A          1%          2    None
e - Mephitic Cloud        Conj/Pois/Air  #####...     2%          3    None
f - Repel Missiles        Chrm/Air       ####..       1%          2    None
g - Stoneskin             Trmt/Erth      ####....     1%          2    None


Dungeon Overview and Level Annotations

Branches:
Dungeon (11/15)            Temple (1/1) D:7            Lair (0/8) D:10
    Orc: D:9-12

Altars:
Ashenzari
Cheibriados
Dithmenos
Elyvilon
Fedhas
Gozag
Kikubaaqudgha
Makhleb
Nemelex Xobeh
Okawaru
Qazlal
Ru
Sif Muna
Trog
Vehumet
Xom
Yredelemnul
Zin
The Shining One

Shops:
D:5 =

Annotations:
D:9 Erolcha
Abyss:1 Edmund


Message History

Erolcha hits you with a giant club!
You barely miss Erolcha.
Erolcha is moderately wounded.
Erolcha hits you with a giant club!
Casting: Mephitic Cloud
Confirm with . or Enter, or press ? or * to list all spells.
Aiming: Mephitic Cloud
Press: ? - help, Shift-Dir - straight line, f/p - Erolcha
Aim: Erolcha, wielding a giant club and wearing a robe (moderately wounded, fast, slightly transparent)
The ball explodes into a vile cloud!
The stinking cloud engulfs Erolcha.
Erolcha is moderately wounded.
The stinking cloud engulfs you!
Erolcha is engulfed in noxious fumes.
Erolcha appears confused.
Unknown command.
You completely miss Erolcha.
Erolcha is moderately wounded.
Erolcha is engulfed in noxious fumes.
Erolcha appears confused.
Erolcha is engulfed in noxious fumes.
Erolcha hits you with a giant club!!
Ouch! That really hurt!
You die...

#........#
#........#
#........#
######........#
..............#
....###.......#
##...###..####.#
...............#
.........@§§...#
........O§....#
###############


You could see Erolcha (confused).

Vanquished Creatures
  A death yak (D:10)
  A manticore (D:7)
  Prince Ribbit (D:7)
  A two-headed ogre (D:8)
  2 hungry ghosts
  A deep elf fighter (D:9)
  2 orc warriors
  2 phantoms
  A necrophage (D:6)
  The ghost of PeterLawrence the Shield-Bearer, an average MiFi (D:3)
  2 ice beasts (D:8)
  4 ogres
  A sky beast (D:7)
  Sigmund (D:2)
  A big kobold (D:10)
  2 centaurs
  Blork the orc (D:6)
  9 giant frogs
  A gnoll sergeant (D:6)
  5 scorpions
  4 killer bees (D:8)
  10 wights
  A crimson imp (D:6)
  A giant frog zombie (D:7)
  5 orc priests
  A gnoll shaman (D:5)
  6 iguanas
  2 jellies
  6 orc wizards
  A centaur skeleton (D:7)
  3 hounds
  Natasha (D:3)
  5 worker ants
  A killer bee zombie (D:8)
  A sheep (D:10)
  A hound skeleton (D:8)
  2 worker ant zombies
  7 adders
  13 gnolls
  2 worms
  3 giant mites
  4 shadow imps
  An adder skeleton (D:8)
  A giant gecko (D:10)
  An ooze (D:4)
  19 orcs
  5 giant cockroaches
  14 goblins
  10 hobgoblins
  4 jackals
  3 quokkas
  13 bats
  A giant gecko skeleton (D:4)
  3 giant newts
  A giant spore (D:10)
  A jackal zombie (D:6)
  23 kobolds
  20 rats
  5 ballistomycetes
245 creatures vanquished.

Vanquished Creatures (collateral kills)
  3 orcs (D:3)
3 creatures vanquished.

Vanquished Creatures (others)
  A hill giant (D:10)
  A big kobold (D:10)
  An orc priest (D:8)
  A worker ant zombie (D:10)
  2 gnolls (D:6)
  A worm (D:2)
  2 giant spores (D:7)
  A kobold (D:10)
  3 ballistomycetes
13 creatures vanquished.

Grand Total: 261 creatures vanquished

Notes
Turn   | Place    | Note
--------------------------------------------------------------
     0 | D:1      | faibistes, the Deep Elf Wizard, began the quest for the Orb.
     0 | D:1      | Reached XP level 1. HP: 10/10 MP: 6/6
   416 | D:1      | Reached XP level 2. HP: 13/15 MP: 5/10
   431 | D:1      | Learned a level 2 spell: Blink
   434 | D:1      | Learned a level 2 spell: Call Imp
   950 | D:1      | Reached skill level 5 in Spellcasting
  1620 | D:2      | Reached XP level 3. HP: 11/19 MP: 7/14
  1631 | D:2      | Learned a level 3 spell: Conjure Flame
  1635 | D:2      | Learned a level 3 spell: Mephitic Cloud
  1788 | D:2      | Noticed Sigmund
  1797 | D:2      | Killed Sigmund
  1797 | D:2      | Reached XP level 4. HP: 21/24 MP: 14/17
  1824 | D:2      | Learned a level 2 spell: Repel Missiles
  1934 | D:2      | Found an iron altar of Okawaru.
  1946 | D:2      | Reached skill level 6 in Spellcasting
  1946 | D:2      | Reached XP level 5. HP: 25/28 MP: 6/20
  2688 | D:3      | Noticed PeterLawrence's ghost (average MiFi)
  2921 | D:3      | HP: 1/28 [PeterLawrence's ghost (9)]
  2922 | D:3      | Killed PeterLawrence's ghost
  3251 | D:3      | Reached XP level 6. HP: 32/32 MP: 22/22
  3268 | D:3      | You fall through a shaft for 2 floors!
  3268 | D:5      | Entered Level 5 of the Dungeon
  3477 | D:3      | Reached skill level 7 in Spellcasting
  3931 | D:3      | Noticed Natasha
  3937 | D:3      | Killed Natasha
  4103 | D:5      | Found Miaj's Jewellery Boutique.
  4587 | D:4      | Reached XP level 7. HP: 36/36 MP: 14/25
  4987 | D:4      | Reached skill level 1 in Fighting
  4987 | D:4      | Reached skill level 8 in Spellcasting
  5676 | D:6      | Reached skill level 5 in Dodging
  5676 | D:6      | Reached skill level 1 in Evocations
  6329 | D:5      | Found a stormy altar of Qazlal.
  6639 | D:6      | Reached skill level 9 in Spellcasting
  6639 | D:6      | Reached XP level 8. HP: 37/45 MP: 17/28
  7145 | D:6      | Noticed Blork the orc
  7158 | D:6      | Killed Blork the orc
  7187 | D:6      | Reached skill level 10 in Spellcasting
  8155 | D:7      | Reached XP level 9. HP: 52/52 MP: 23/30
  8239 | D:7      | Found a staircase to the Ecumenical Temple.
  8248 | Temple   | Entered the Ecumenical Temple
  8331 | Temple   | Became a worshipper of Sif Muna the Loreminder
  8520 | D:7      | Noticed Prince Ribbit
  8537 | D:7      | Killed Prince Ribbit
  8537 | D:7      | Reached skill level 1 in Fire Magic
  8537 | D:7      | Reached skill level 1 in Air Magic
  8850 | D:7      | Noticed a manticore
  8874 | D:7      | Killed a manticore
  8874 | D:7      | Acquired Sif Muna's first power
  8874 | D:7      | Reached skill level 1 in Poison Magic
  8936 | D:7      | Reached skill level 5 in Conjurations
  9229 | D:7      | Reached skill level 11 in Spellcasting
 10083 | D:8      | Noticed Edmund
 10093 | D:8      | Banished Edmund
 10760 | D:10     | Entered Level 10 of the Dungeon
 10915 | D:5      | Bought an uncursed ring of poison resistance for 260 gold pieces
 11302 | D:10     | Acquired Sif Muna's second power
 11302 | D:10     | Reached skill level 1 in Charms
 11310 | D:10     | Reached XP level 10. HP: 58/58 MP: 18/32
 11430 | D:10     | Noticed a hill giant
 11437 | D:10     | Banished a hill giant
 11437 | D:10     | Reached skill level 1 in Invocations
 11492 | D:10     | Learned a level 2 spell: Stoneskin
 12449 | D:8      | Reached skill level 1 in Earth Magic
 13229 | D:9      | Reached skill level 1 in Transmutations
 13338 | D:10     | Noticed a death yak
 13368 | D:10     | Killed a death yak
 13368 | D:10     | Reached skill level 12 in Spellcasting
 13645 | D:10     | Found a staircase to the Lair.
 13654 | D:10     | Noticed a gargoyle
 13719 | D:9      | Noticed Erolcha
 13734 | D:9      | Mangled by Erolcha

Action                   |  1- 3 |  4- 6 |  7- 9 | 10-12 || total
-------------------------+-------+-------+-------+-------++-------
Melee: Short sword       |     9 |    41 |    96 |    71 ||   217
 Cast: Magic Dart        |    49 |   108 |   415 |   137 ||   709
       Mephitic Cloud    |     2 |    16 |    28 |    17 ||    63
       Repel Missiles    |       |     1 |     1 |     2 ||     4
       Conjure Flame     |       |     5 |    37 |    19 ||    61
       Call Imp          |       |     3 |       |       ||     3
       Blink             |       |     6 |     7 |     1 ||    14
Invok: Channel Energy    |       |       |       |     2 ||     2
  Use: Scroll            |       |     4 |    16 |     2 ||    22
 Stab: Confused          |     1 |     3 |     3 |     4 ||    11
       Sleeping          |       |     1 |       |       ||     1
       Distracted        |       |     1 |       |       ||     1
  Eat: Chunk             |     1 |    10 |    17 |     8 ||    36
       Beef jerky        |       |       |     2 |       ||     2
